 Dungeon Crawl Stone Soup version 0.20-a0-1124-g2e29d97 (webtiles) character file.

83 Ijustatesigmund the Conjurer (level 4, -6/55 HPs)
             Began as a Draconian Conjurer on May 15, 2017.
             Mangled by Pikel
             ... wielding a +2 whip of electrocution
              (17 damage)
             ... in the Ecumenical Temple.
             The game lasted 00:08:07 (2496 turns).

Ijustatesigmund the Conjurer (Draconian Conjurer)   Turns: 2496, Time: 00:08:08

Health: -6/55      AC: 22    Str: 10    XL:     4   Next: 22%
Magic:  4/8        EV:  2    Int: 16    God:
Gold:   187        SH:  3    Dex: 10    Spells: 3/9 levels left

rFire    . . .     SeeInvis .   d - +0 hand axe
rCold    . . .     Gourm    .   n - +0 buckler
rNeg     + + +     Faith    .   (armour unavailable)
rPois    +         Spirit   .   (helmet currently unavailable)
rElec    .         Reflect  .   (cloak currently unavailable)
rCorr    .         Harm     .   (gloves currently unavailable)
MR       .....     NoTele   +   (boots currently unavailable)
Stlth    ++........             (no amulet)
Regen    0.2/turn               (no ring)
MPRegen  0.2/turn               (no ring)

@: tree-form
A: unfitting armour, clumsy 1, AC +5
a: no special abilities


You were in the Ecumenical Temple.
You were not hungry.
You were a tree.
You visited 2 branches of the dungeon, and saw 5 of its levels.

You collected 187 gold pieces.

Inventory:

Hand Weapons
 d - a +0 hand axe (weapon)
Missiles
 h - 7 tomahawks (quivered)
Armour
 m - a +0 shield
 n - a +0 buckler (worn)
Scrolls
 j - a scroll of remove curse
 k - a scroll of immolation
 l - 2 scrolls of teleportation
 q - 2 scrolls of fog {unknown}
 r - a scroll of identify
Potions
 c - a potion of resistance
 f - a potion of lignification
 g - a potion of invisibility {unknown}
 i - a potion of flight
 o - a potion of ambrosia {unknown}
Books
 a - a book of Conjurations

   Spells                             Type                      Level
   a - Magic Dart                     Conjuration                  1
   b - Searing Ray                    Conjuration                  2
   c - Dazzling Spray                 Conjuration/Hexes            3
   d - Fulminant Prism                Conjuration/Hexes            4
   e - Force Lance                    Conjuration/Translocation    4
   f - Iskenderun's Mystic Blast      Conjuration                  4
Comestibles
 b - 2 bread rations
 p - a chunk of flesh


   Skills:
 - Level 2.5 Fighting
 - Level 1.7 Dodging
 - Level 1.7 Stealth
 + Level 1.2 Shields
 - Level 3.0 Spellcasting
 - Level 4.0 Conjurations
 - Level 0.3 Hexes


You had 3 spell levels left.
You knew the following spells:

 Your Spells              Type           Power        Failure   Level  Hunger
a - Magic Dart            Conj           ###.         4%          1    #......
b - Searing Ray           Conj           ###...       8%          2    ##.....
c - Dazzling Spray        Conj/Hex       #.....       32%         3    ###....


Dungeon Overview and Level Annotations

Branches:
Dungeon (4/15)             Temple (1/1) D:4

Altars:
Kikubaaqudgha

Annotations:
Temple Pikel


Innate Abilities, Weirdness & Mutations

((Your plain brown scales are hard. (AC +5)))
You cannot fit into any form of body armour.
((You are cold-blooded and may be slowed by cold attacks.))
((You have sharp toenails.))
You are clumsy. (Dex -2)


Message History

The searing ray hits Pikel.
Pikel is moderately wounded.
You finish channeling your searing ray.
Pikel hits you with a whip of electrocution!
You are electrocuted!
* * * LOW HITPOINT WARNING * * *
Okay, then.
Okay, then.
It was a potion of lignification.
You turn into a tree.
Your roots penetrate the ground.
You block Pikel's attack.
It was a potion of flight.
Your roots keep you in place.
Pikel hits you but does no damage.
It was a potion of curing.
You feel better. Pikel hits you but does no damage.
You hit Pikel.
Pikel is moderately wounded.
Pikel hits you but does no damage.
You barely miss Pikel.
Pikel is moderately wounded.
Pikel hits you but does no damage.
You are electrocuted!
You die...

###+###
###.....###
##.........##
#....K......#
#.....♣.....#
#...........#
##.........##
###.....###
#######


You could see Pikel.

Vanquished Creatures
  An adder (D:3)
  4 oozes
  2 worms
  3 dart slugs
  2 leopard geckos
  3 giant cockroaches (D:1)
  5 goblins
  5 hobgoblins
  2 quokkas (D:2)
  A ball python (D:3)
  3 bats
  5 frilled lizards
  3 kobolds
  4 rats
43 creatures vanquished.

Vanquished Creatures (others)
  A human (D:2)
1 creature vanquished.

Grand Total: 44 creatures vanquished

Notes
Turn   | Place    | Note
-------+----------+-------------------------------------------
     0 | D:1      | Ijustatesigmund the Draconian Conjurer began the quest for the Orb.
     0 | D:1      | Reached XP level 1. HP: 14/14 MP: 3/3
    97 | D:1      | Reached skill level 1 in Fighting
    97 | D:1      | Reached XP level 2. HP: 17/23 MP: 0/5
   176 | D:1      | Learned a level 2 spell: Searing Ray
   543 | D:1      | Gained mutation: You are clumsy. (Dex -2) [potion of mutation]
   543 | D:1      | Gained mutation: You have sharp toenails. [potion of mutation]
   959 | D:2      | Reached XP level 3. HP: 29/29 MP: 3/6
  1257 | D:2      | Found an ancient bone altar of Kikubaaqudgha.
  1258 | D:2      | Noticed a human
  1261 | D:2      | Killed a human
  1630 | D:3      | Learned a level 3 spell: Dazzling Spray
  1820 | D:3      | Reached XP level 4. HP: 35/37 MP: 2/8
  2308 | D:3      | Reached skill level 1 in Shields
  2472 | D:4      | Found a staircase to the Ecumenical Temple.
  2476 | D:4      | Noticed Pikel
  2477 | D:4      | Noticed a slave
  2477 | D:4      | Noticed a slave
  2478 | D:4      | Noticed a slave
  2479 | D:4      | Noticed a slave
  2487 | Temple   | Entered the Ecumenical Temple
  2491 | Temple   | HP: 1/37 [Pikel/whip of electrocution (11)]
  2496 | Temple   | Mangled by Pikel

Vault maps used:
D:1:      doesnt_arrival_eight_statues, minmay_domino_2
D:2:      tgw_kikubaaqudgha
D:3:      first_bread, minmay_misc_feat_chi, minivault_5
D:4:      temple_pool_b, uniq_edmund, uniq_pikel
Temple:   dpeg_five_rooms_temple

Skill      XL: |  1  2  3  4 |
---------------+-------------+-----
Fighting       | 1 2 |  2.5
Spellcasting   | 3 |  3.0
Shields        | 1 |  1.2
Dodging        | |  1.7
Stealth        | |  1.7
Conjurations   | |  4.0
Hexes          | |  0.3

Action                   |  1- 3 |  4- 6 || total
-------------------------+-------+-------++-------
Melee: Hand axe          |    43 |     6 ||    49
       Unarmed           |     3 |       ||     3
       Tailslap          |     5 |       ||     5
       Kick              |     5 |     1 ||     6
 Cast: Magic Dart        |    77 |    14 ||    91
       Searing Ray       |       |     2 ||     2
  Use: Scroll            |     6 |     3 ||     9
       Potion            |     1 |     3 ||     4
  Eat: Chunk             |     3 |     3 ||     6
Armor: Skin              |    10 |     8 ||    18
Dodge: Dodged            |    31 |     4 ||    35
Block: Buckler           |       |     3 ||     3
